 Dungeon Crawl Stone Soup version 0.18-a0-1639-g7533f42 (webtiles) character file.

20 Sargon the Shield-Bearer (level 3, -3/29 HPs)
             Began as a Formicid Fighter on Mar 27, 2016.
             Slain by Crazy Yiuf
             ... wielding a +3 quarterstaff of chaos
              (4 damage)
             ... on level 2 of the Dungeon.
             The game lasted 00:01:36 (904 turns).

Sargon the Shield-Bearer (Formicid Fighter)          Turns: 904, Time: 00:01:37

Health: -3/29      AC:  6    Str: 20    XL:     3   Next: 0%
Magic:  3/3        EV: 12    Int:  9    God:
Gold:   59         SH: 10    Dex: 16    Spells: 0 memorised, 2 levels left

rFire  . . .     SeeInvis +     a - +0 war axe
rCold  . . .     Gourm    .     b - +0 scale mail
rNeg   . . .     Faith    .     c - +0 shield
rPois  .         Spirit   .     (helmet unavailable)
rElec  .         Dismiss  .     (no cloak)
rCorr  .         Reflect  .     (no gloves)
SustAt .         Harm     .     (no boots)
MR     ++...                    (no amulet)
Stlth  +.........               (no ring)
                                (no ring)

@: agile, very resistant to hostile enchantments, very unstealthy
A: permanent stasis, dig shafts and tunnels, four strong arms, antennae 3,
clever 1, magic resistance 2
a: Dig, Shaft Self


You were on level 2 of the Dungeon.
You were not hungry.

You visited 1 branch of the dungeon, and saw 2 of its levels.

You collected 59 gold pieces.

Inventory:

Hand Weapons
 a - a +0 war axe (weapon)
Armour
 b - a +0 scale mail (worn)
 c - a +0 shield (worn)
Scrolls
 e - a scroll of random uselessness {unknown}
 g - a scroll of enchant weapon {unknown}
 i - 4 scrolls of identify {unknown}
 j - a scroll of remove curse {unknown}
 l - a scroll of recharging {unknown}
 o - a scroll of enchant armour {unknown}
Potions
 d - a potion of might
 n - a potion of curing
Comestibles
 f - a bread ration


   Skills:
 - Level 3.2 Fighting
 + Level 3.2 Axes
 - Level 3.2 Armour
 - Level 3.6 Shields


You had 2 spell levels left.
You didn't know any spells.

Dungeon Overview and Level Annotations

Branches:
Dungeon (2/15)

Altars:
Okawaru

Annotations:
D:2 Crazy Yiuf


Innate Abilities, Weirdness & Mutations

You are under a permanent stasis effect.
You can dig through walls and to a lower floor.
Your four strong arms can wield two-handed weapons with a shield.
You have a pair of large antennae on your head (SInv).
Your mind is acute. (Int +2)
You are highly resistant to hostile enchantments.


Message History

You are confused.
Drink which item? (? for menu, Esc to quit)
It was a potion of curing.
You feel better.
Drink which item? (? for menu, Esc to quit)
It was a potion of mutation.
You feel extremely strange.
You feel clever.
You feel resistant to hostile enchantments.
You feel more resistant to hostile enchantments.
Crazy Yiuf says, "Paint!"
Crazy Yiuf hits you with a quarterstaff of chaos!
* * * LOW HITPOINT WARNING * * *
Crazy Yiuf burns you.
* * * LOW HITPOINT WARNING * * *
You hit Crazy Yiuf but do no damage.
Crazy Yiuf is lightly wounded.
You block Crazy Yiuf's attack. x2
You hit Crazy Yiuf.
Crazy Yiuf is lightly wounded.
Crazy Yiuf hits you with a quarterstaff of chaos.
You die...

#......# #.##..#
###.##.# #.##.##
##.##.### #........
#........ #.###.##.
### ♣♣##..##.##.
#)..#♣♣ ♣♣..#..##....
#...g@♣♣♣♣......#####.
#...#♣..♣......## #.
### ♣♣♣.♣...#.######.
♣♣♣♣♣##........
#########


You could see Crazy Yiuf.

Vanquished Creatures
  A worm (D:2)
  A dart slug (D:1)
  A bat (D:1)
  2 giant cockroaches (D:1)
  2 hobgoblins (D:1)
  2 kobolds
  2 giant newts (D:1)
  3 goblins (D:1)
14 creatures vanquished.

Notes
Turn   | Place    | Note
--------------------------------------------------------------
     0 | D:1      | Sargon the Formicid Fighter began the quest for the Orb.
     0 | D:1      | Reached XP level 1. HP: 18/18 MP: 1/1
    73 | D:1      | Found an iron altar of Okawaru.
   369 | D:1      | Reached XP level 2. HP: 24/24 MP: 2/2
   854 | D:2      | Reached XP level 3. HP: 18/29 MP: 3/3
   892 | D:2      | Noticed Crazy Yiuf
   902 | D:2      | Gained mutation: Your mind is acute. (Int +2) [potion of mutation]
   902 | D:2      | Gained mutation: You are resistant to hostile enchantments. [potion of mutation]
   902 | D:2      | Gained mutation: You are highly resistant to hostile enchantments. [potion of mutation]
   902 | D:2      | HP: 1/29 [Crazy Yiuf/quarterstaff of chaos (3)]
   904 | D:2      | Slain by Crazy Yiuf

Vault maps used:
D:1:      dpeg_arrival_line_fractal, hex_tiny, okawaru_ov_weapons_minmay
D:2:      ashenzari_conservatory_becter, first_bread, led_sif_pool,
          uniq_crazy_yiuf_cottage, uniq_iyjb, uniq_sigmund

Skill      XL: |  1  2 |
---------------+-------+-----
Axes           | 3 |  3.2
Fighting       | |  3.2
Armour         | |  3.2
Shields        | |  3.6

Action                   || total
-------------------------++-------
Melee: War axe           ||    61
 Abil: Dig               ||     1
  Use: Potion            ||     3
